 Dungeon Crawl Stone Soup version 0.25-a0-835-gb37b1c2 (webtiles) character file.

Game seed: 15333413533210996868, levelgen mode: deterministic

5769 BlueFish the Carver (level 10, -1/99 HPs)
             Began as a Minotaur Fighter on Apr 23, 2020.
             Was an Initiate of Ru.
             Slain by a troll (7 damage)
             ... on level 10 of the Dungeon.
             The game lasted 00:14:27 (6493 turns).

BlueFish the Carver (Minotaur Fighter)              Turns: 6493, Time: 00:14:27

Health: -1/99      AC: 19    Str: 20    XL:     10   Next: 49%
Magic:  9/9        EV:  8    Int:  5    God:    Ru [......]
Gold:   387        SH:  7    Dex: 20    Spells: 9/9 levels left

rFire    . . .     SeeInvis .   D - +0 long sword (elec)
rCold    . . .     Gourm    +   q - +0 buckler
rNeg     . . .     Faith    .   B - +0 plate armour
rPois    .         Spirit   .   C - +1 hat
rElec    .         Reflect  .   (no cloak)
rCorr    .         Harm     .   i - +2 pair of gloves {Dex+3}
MR       .....                  (no boots)
Stlth    ..........             j - amulet of the gourmand
HPRegen  0.26/turn              p - +3 ring of dexterity
MPRegen  0.11/turn              n - ring of stealth

@: no status effects
A: retaliatory headbutt, horns 2, talons 1, robust 1
a: Renounce Religion


You were on level 10 of the Dungeon.
You worshipped Ru.
Ru was noncommittal.
You were full.

You visited 2 branches of the dungeon, and saw 11 of its levels.

You collected 536 gold pieces.
You spent 149 gold pieces at shops.

Inventory:

Hand Weapons
 a - a +0 long sword
 b - a +2 dagger of freezing
 D - a +0 long sword of electrocution (weapon)
 K - a +0 dagger of holy wrath
Armour
 c - a +0 kite shield
 i - a +2 pair of gloves of dexterity (worn)
 q - a +0 buckler (worn)
 B - a +0 plate armour (worn)
 C - a +1 hat (worn)
Jewellery
 j - an amulet of the gourmand (around neck)
 n - a ring of stealth (right hand)
 p - a +3 ring of dexterity (left hand)
Wands
 s - a wand of enslavement (7)
 t - a wand of iceblast (11)
 w - a wand of paralysis (7)
 x - a wand of flame (50)
 E - a wand of acid (12)
 J - a wand of digging (4)
Scrolls
 e - a scroll of blinking
 g - a scroll of teleportation
 h - 2 scrolls of magic mapping
 l - 3 scrolls of enchant armour
 v - a scroll of immolation
 y - 4 scrolls of remove curse
 z - a scroll of random uselessness {unknown}
 A - 2 scrolls of fear
Potions
 d - a potion of might
 k - 2 potions of lignification
 m - 2 potions of berserk rage
 o - 5 potions of heal wounds
 r - a potion of invisibility
 u - 3 potions of cancellation
 F - a potion of brilliance {unknown}
 G - 2 potions of curing
 H - a potion of resistance
Comestibles
 f - 15 rations


   Skills:
 * Level 8.6 Fighting
 * Level 12.0 Long Blades
 * Level 10.4 Armour
 + Level 2.9 Dodging
 * Level 7.6 Shields


You had 9 spell levels left.
You didn't know any spells.
Your spell library contained the following spells:

 Spells                   Type           Power        Failure   Level  Hunger
 Foxfire                  Conj/Fire      #...         100%        1    ##.....
 Freeze                   Ice            #...         100%        1    ##.....
 Conjure Flame            Conj/Fire      #.......     100%        3    ####...
 Frozen Ramparts          Ice            #.....       100%        3    ####...
 Inner Flame              Hex/Fire       #.......     100%        3    ####...
 Ozocubu's Armour         Chrm/Ice       #.......     100%        3    ####...
 Hailstorm                Conj/Ice       #.......     100%        4    #####..
 Sticky Flame             Conj/Fire      #.......     100%        4    #####..
 Summon Ice Beast         Ice/Summ       #.......     100%        4    #####..
 Fireball                 Conj/Fire      #.........   100%        5    ######.


Dungeon Overview and Level Annotations

Branches:
Dungeon (10/15)            Temple (1/1) D:5            Lair (0/6) D:8
    Orc: D:9-12

Altars:
Cheibriados
Dithmenos
Elyvilon
Fedhas
Gozag
Hepliaklqana
Kikubaaqudgha
Makhleb
Nemelex Xobeh
Okawaru
Qazlal
Ru
Trog
Uskayaw
Wu Jian
Xom
Yredelemnul
Zin
The Shining One

Shops:
D:4 *   D:8 (   D:9 *

Annotations:
D:3 3 runed translucent doors, porco's ghost, amateur DsVM
D:7 1 runed translucent door, Cosmodon's ghost, novice TrCK


Innate Abilities, Weirdness & Mutations

You reflexively headbutt those who attack you in melee.
You have a pair of horns on your head.
You have sharp toenails.
You are robust. (+10% HP)


Message History

The orc priest barely misses you.
You riposte.
You hit the orc priest. Your headbutt misses the orc priest.
The orc priest is heavily wounded.
Something hits you but does no damage. The orc completely misses you.
The troll bites you. You block the troll's attack.
The troll claws you but does no damage. The warg bites you but does no damage.
The orc priest mumbles some strange prayers to Beogh against you.
Beogh smites you!
You closely miss the troll. Your kick misses the troll. You headbutt the troll.
The troll is lightly wounded.
The orc priest calls down the wrath of Beogh upon you.
Beogh smites you!
* * * LOW HITPOINT WARNING * * *
The orc warrior hits you with a +0 short sword!
* * * LOW HITPOINT WARNING * * *
Something hits you but does no damage. You block the warg's attack.
The troll bites you.
* * * LOW HITPOINT WARNING * * *
You block the troll's attack. The troll claws you!
You die...

........ ...
......###...
.......)... #.
.3...... T..
#Ko4... .
....##o4gs# ...
......ooho##....
....$.o.@o......
.......oT.......
...............$
###########...##
...# ..# ... ...


You could see a hellwing, a kobold demonologist, a troll, a smoke demon, a chaos
spawn, a warg, an orc warrior, a scorpion, 2 orc priests, 5 orcs and a goblin.

Vanquished Creatures
  The ghost of zbzbzb the Insei, a novice OpTm (D:8)
  A troll (D:9)
  A hippogriff (D:9)
  Grinder (D:3)
  Sigmund (D:2)
  A wraith (D:8)
  A wyvern (D:10)
  A redback simulacrum (D:8)
  A water moccasin (D:9)
  4 ice beasts (D:8)
  2 orc warriors (D:8)
  3 black bears
  2 sky beasts
  A phantom (D:9)
  4 ogres
  6 centaurs
  A big kobold (D:7)
  6 bullfrogs
  A scorpion (D:9)
  5 killer bees
  A howler monkey (D:7)
  2 crimson imps
  2 bullfrog zombies
  A centaur skeleton (D:8)
  5 orc priests
  3 hounds
  A jelly (D:7)
  6 orc wizards
  4 iguanas
  Natasha (thrice) (D:3)
  5 worker ants
  Ijyb (D:3)
  A killer bee zombie (D:5)
  A hound zombie (D:7)
  A worker ant zombie (D:7)
  14 gnolls
  A howler monkey zombie (D:8)
  A howler monkey skeleton (D:5)
  13 adders
  2 shadow imps
  An ooze (D:2)
  An adder zombie (D:7)
  An adder skeleton (D:6)
  7 leopard geckos
  31 orcs
  4 ball pythons
  5 bats
  6 giant cockroaches
  2 goblins
  7 hobgoblins
  11 jackals
  4 quokkas
  A ball python skeleton (D:5)
  6 frilled lizards
  17 kobolds
  2 quokka skeletons
  9 rats
227 creatures vanquished.

Notes
Turn   | Place    | Note
-------+----------+-------------------------------------------
     0 | D:1      | BlueFish the Minotaur Fighter began the quest for the Orb.
     0 | D:1      | Reached XP level 1. HP: 19/19 MP: 0/0
   166 | D:1      | Reached XP level 2. HP: 26/27 MP: 1/1
   333 | D:1      | Reached skill level 3 in Long Blades
   333 | D:1      | Reached XP level 3. HP: 33/33 MP: 2/2
   636 | D:2      | Gained mutation: You are robust. (+10% HP) [potion of
                  | mutation]
   636 | D:2      | Gained mutation: You have sharp toenails. [potion of
                  | mutation]
   872 | D:2      | Noticed an angel
   873 | D:2      | Found a glowing silver altar of Zin.
   875 | D:2      | Found a shimmering altar of Xom.
   917 | D:2      | Noticed Sigmund
   918 | D:2      | Reached XP level 4. HP: 45/45 MP: 3/3
   932 | D:2      | Killed Sigmund
   932 | D:2      | Reached skill level 4 in Long Blades
   932 | D:2      | Reached skill level 5 in Armour
   932 | D:2      | Reached XP level 5. HP: 40/51 MP: 4/4
  1306 | D:3      | Noticed Natasha
  1312 | D:3      | Killed Natasha
  1312 | D:3      | Reached skill level 5 in Long Blades
  1312 | D:3      | Reached XP level 6. HP: 51/60 MP: 5/5
  1403 | D:3      | Found a runed translucent gate.
  1403 | D:3      | Found a runed translucent gate.
  1414 | D:3      | Noticed Natasha
  1424 | D:3      | Killed Natasha
  1446 | D:3      | Found a runed translucent gate.
  1446 | D:3      | Noticed porco's ghost (amateur DsVM)
  1484 | D:3      | Reached skill level 1 in Dodging
  1533 | D:3      | Noticed Grinder
  1535 | D:3      | Noticed Natasha
  1544 | D:3      | Killed Natasha
  1556 | D:3      | Killed Grinder
  1556 | D:3      | Reached skill level 5 in Fighting
  1556 | D:3      | Reached skill level 6 in Long Blades
  1556 | D:3      | Reached XP level 7. HP: 29/67 MP: 6/6
  1733 | D:3      | Noticed Ijyb
  1743 | D:3      | Killed Ijyb
  2056 | D:4      | Found Maihaew's Assorted Antiques.
  2189 | D:4      | Reached skill level 7 in Long Blades
  2611 | D:5      | Entered Level 5 of the Dungeon
  2917 | D:5      | Found a staircase to the Ecumenical Temple.
  2930 | D:5      | Got a brightly glowing hunting sling
  2937 | Temple   | Entered the Ecumenical Temple
  3046 | Temple   | Became a worshipper of Ru the Awakened
  3137 | D:5      | Reached XP level 8. HP: 72/75 MP: 7/7
  3346 | D:6      | Found a hide-covered altar of Uskayaw.
  3361 | D:6      | Reached skill level 8 in Long Blades
  3369 | D:6      | Reached skill level 5 in Shields
  3370 | D:6      | Found a bloodstained altar of Trog.
  3696 | D:6      | Reached skill level 9 in Long Blades
  4045 | D:7      | Noticed Cosmodon's ghost (novice TrCK)
  4049 | D:7      | Found a runed translucent door.
  4111 | D:7      | Found a shadowy altar of Dithmenos.
  4113 | D:7      | Found a snail-covered altar of Cheibriados.
  4265 | D:7      | Reached XP level 9. HP: 84/85 MP: 8/8
  4300 | D:7      | Found a basalt altar of Yredelemnul.
  4498 | D:7      | Reached skill level 10 in Long Blades
  4677 | D:8      | Found Figodol's Weapon Shop.
  4696 | D:8      | Found a transporter.
  4790 | D:8      | Bought a +0 long sword of electrocution for 149 gold pieces
  4833 | D:8      | Found a staircase to the Lair.
  4922 | D:8      | Found a runed translucent door.
  4922 | D:8      | Noticed zbzbzb's ghost (novice OpTm)
  4957 | D:8      | Killed zbzbzb's ghost
  4957 | D:8      | Reached skill level 11 in Long Blades
  5184 | D:8      | Found a burning altar of Makhleb.
  5185 | D:8      | Found a basalt altar of Yredelemnul.
  5339 | D:8      | Found a transporter.
  5360 | D:8      | Reached XP level 10. HP: 49/96 MP: 9/9
  5946 | D:9      | Reached skill level 10 in Armour
  6134 | D:9      | Found Gozag's Platinum Reserve.
  6136 | D:9      | Found an opulent altar of Gozag.
  6182 | D:9      | Found an ornate altar of the Wu Jian Council.
  6190 | D:9      | Found a hazy altar of Hepliaklqana.
  6277 | D:9      | Found a flagged portal.
  6474 | D:10     | Entered Level 10 of the Dungeon
  6479 | D:10     | Reached skill level 12 in Long Blades
  6493 | D:10     | Noticed a smoke demon
  6493 | D:10     | Slain by a troll

Levels and vault maps discovered:
D:1:      dpeg_arrival_erosion, layout_basic
D:2:      layout_rooms, grunt_temple_overflow_order_and_chaos_1, first_ration,
          supply_closet_lemuel, uniq_sigmund
D:3:      layout_rooms, gammafunk_ghost_split, kennysheep_generic_room_14,
          uniq_natasha, uniq_ijyb, uniq_grinder
D:4:      layout_loops_ring, serial_shops, nicolae_shop_overgrown_old_shop
D:5:      layout_loops_ring, minmay_temple_entry_trees
D:6:      layout_gridville, lemuel_doored_altar, roderic_lattice_a,
          trog_ov_bears_minmay
D:7:      layout_cave_pools, nicolae_overflow_hidden_temple,
          hellmonk_ghost_happy_afterlife, basic_altar
D:8:      gammafunk_cloud_chamber, layout_loops_ring,
          gammafunk_temple_overflow_pools, dpeg_oklobed_lair,
          hellmonk_ghost_happy_afterlife, serial_shops, shop_statue
D:9:      layout_rooms, minitemple, nicolae_gozag_zags_fifth_avenue,
          enter_bailey_2
D:10:     layout_long_grid, erik_orc_4, ebering_ghost_disaster_area,
          enter_bailey_3, hangedman_stone_soup, kennysheep_crisscross
Temple:   nicolae_temple_figure_zero

Skill      XL: |  1  2  3  4  5  6  7  8  9 10 |
---------------+-------------------------------+-----
Fighting       | 4 5 6 7 8 |  8.6
Armour         | 4 5 6 7 8 9 10 | 10.4
Long Blades    | 3 4 5 6 7 9 11 12 | 12.0
Dodging        | 1 2 |  2.9
Shields        | 4 5 6 7 |  7.6

Action                   |  1- 3 |  4- 6 |  7- 9 | 10-12 || total
-------------------------+-------+-------+-------+-------++-------
Melee: Long sword        |    60 |    64 |   264 |   100 ||   488
       Headbutt          |    10 |    17 |    83 |    26 ||   136
       Kick              |     2 |    20 |   120 |    41 ||   183
Invok: Reject Sacrifices |       |       |     1 |       ||     1
  Use: Potion            |     2 |       |       |     1 ||     3
       Scroll            |       |       |    15 |       ||    15
  Eat: Chunk             |     9 |     4 |    10 |     3 ||    26
Armor: Scale mail        |    40 |    13 |    68 |       ||   121
       Plate armour      |       |       |    42 |    82 ||   124
Dodge: Dodged            |    42 |    29 |    91 |    38 ||   200
Block: Buckler           |       |     9 |    93 |    43 ||   145
       Rpst.: Long sword |    11 |     7 |    29 |    13 ||    60

Table legend:
 A = Non-vault XP
 B = Vault XP
 C = Vault XP percentage of total XP
 D = Non-vault monster count
 E = Vault monster count
 F = Vault count percentage of total count
                 A         B        C        D         E       F
            +---------+---------+-------+---------+---------+-------
      Total |    6041 |    2201 |  26.7 |     208 |      19 |   8.4
            +---------+---------+-------+---------+---------+-------
        D:1 |      44 |       0 |   0.0 |      19 |       0 |   0.0
        D:2 |      88 |     212 |  70.7 |      28 |       1 |   3.4
        D:3 |     133 |     350 |  72.5 |      22 |       5 |  18.5
        D:4 |     404 |       0 |   0.0 |      12 |       0 |   0.0
        D:5 |     260 |       0 |   0.0 |      15 |       0 |   0.0
        D:6 |     840 |     257 |  23.4 |      25 |       2 |   7.4
        D:7 |    1128 |       0 |   0.0 |      32 |       0 |   0.0
        D:8 |     947 |    1368 |  59.1 |      19 |       6 |  24.0
        D:9 |    1992 |       0 |   0.0 |      35 |       0 |   0.0
       D:10 |     205 |      14 |   6.4 |       1 |       5 |  83.3
            +---------+---------+-------+---------+---------+-------
